 Dungeon Crawl Stone Soup version 0.31.0-10-gcf4a605ca0 (webtiles) character file.

Game seed: 17765253540600531174

5949996 sentinel the Wrestler (level 20, 204/204 HPs)
             Began as a Troll Fighter on Jan 24, 2024.
             Was a Priest of Okawaru.
             Escaped with the Orb
             ... and 3 runes
             ... and 5 gems on Jan 25, 2024!
             The game lasted 04:10:03 (11599 turns).

sentinel the Wrestler (Troll Fighter)              Turns: 11599, Time: 04:10:04

Health: 204/204    AC: 20    Str: 36    XL:     20   Next: 70%
Magic:  28/28      EV: 12    Int:  2    God:    Okawaru [***...]
Gold:   14         SH: 26    Dex:  9    Spells: 19/19 levels left

rFire   + +          .
                       - Unarmed
rCold   + . .        w - +10 tower shield of Ignorance {rN+ Int-4}
rNeg    + . .        j - +0 storm dragon scales
rPois   .            g - +1 hat of Molakum {rF++ rC+ Str+3 Slay+3}
rElec   +            F - +2 cloak
rCorr   .            (gloves unavailable)
SInv    .            (boots unavailable)
Will    ++...        W - amulet of regeneration Stlth
                     b - ring of willpower
HPRegen 2.14/turn    v - +5 ring of evasion
MPRegen 0.21/turn

%: no passive effects
@: mighty
A: large, unfitting armour, claws 3, regeneration 1, shaggy fur 1, tough skin 1
0: Orb of Zot
}: 3/15 runes: serpentine, barnacled, abyssal
a: Renounce Religion, Heroism


You escaped.
You worshipped Okawaru.
Okawaru was most pleased with you.
You visited 7 branches of the dungeon, and saw 38 of its levels.
You visited the Abyss 1 time.
You also visited: Sewer and Gauntlet.

You collected 1059 gold pieces.
You spent 1045 gold pieces at shops.

Inventory:

Hand Weapons
 r - a +0 war axe
 U - a +1 scimitar of distortion
 Y - the +0 dagger "Luceequ" {holy, rElec Will+ Str+3}
   (You found it on level 4 of the Lair of Beasts)

   Str+3:     It affects your strength (+3).
   rElec:     It insulates you from electricity.
   Will+:     It increases your willpower.
Missiles
 a - a boomerang (quivered)
 e - 3 darts of dispersal
 i - 6 silver javelins
 l - a throwing net
 N - 17 large rocks
 P - 13 javelins
Armour
 g - the +1 hat of Molakum (worn) {rF++ rC+ Str+3 Slay+3}
   (You found it in a Gauntlet)

   Str+3:     It affects your strength (+3).
   Slay+3:    It affects your accuracy & damage with ranged weapons and melee
   (+3).
   rF++:      It greatly protects you from fire.
   rC+:       It protects you from cold.
 j - +0 storm dragon scales (worn)
 w - the +10 tower shield of Ignorance (worn) {rN+ Int-4}
   (Okawaru gifted it to you on level 5 of the Lair of Beasts)

   Int-4:     It affects your intelligence (-4).
   rN+:       It protects you from negative energy.
 F - a +2 cloak (worn)
 H - +1 gold dragon scales
Magical Staves
 m - the staff of Traps {rC+ Int+3 Ice, !a}
   (You found it on level 4 of the Shoals)

   [staff of cold]

   Base accuracy: +5 Base damage: 5 Base attack delay: 1.2 This weapon's minimum
   attack delay (0.6) is reached at skill level 12.
   Int+3:     It affects your intelligence (+3).
   rC+:       It protects you from cold.
   Ice:       It increases the power of your Ice spells.
   It falls into the 'Staves' category.
   It is a one-clawed weapon.
Jewellery
 b - a ring of willpower (left claw)
 c - a ring of ice
 k - a ring of resist corrosion
 o - a ring of poison resistance
 v - a +5 ring of evasion (right claw)
 G - a +6 ring of strength
 Q - a ring of flight
 S - a ring of protection from fire
 W - an amulet of regeneration (around neck)
Wands
 y - a wand of mindburst (20)
 A - a wand of acid (10)
 I - a wand of roots (1)
 V - a wand of flame (15)
Scrolls
 f - a scroll of fog
 n - 2 scrolls of immolation
 t - a scroll of teleportation
 x - 2 scrolls of vulnerability
 z - a scroll of blinking
 E - 2 scrolls of enchant weapon
 T - 2 scrolls of silence {!r}
Potions
 p - 2 potions of brilliance
 q - 2 potions of curing
 C - 3 potions of lignification
 M - a potion of mutation
Miscellaneous
 O - a condenser vane


   Skills:
 + Level 13.6 Fighting
 - Level 15.3 Throwing
 - Level 8.0 Armour
 - Level 4.0 Dodging
 - Level 12.0 Shields
 - Level 21.0 Unarmed Combat
 - Level 12.9 Invocations
 - Level 5.0 Evocations


You had 19 spell levels left.
You didn't know any spells.
Your spell library contained the following spells:

 Spells                   Type           Power      Damage    Failure   Level
 Hailstorm                Conj/Ice       0%         3d5       100%        3
 Dimensional Bullseye     Hex/Tloc       0%         N/A       100%        4
 Iskenderun's Mystic Bla  Conj/Tloc      0%         2d3       100%        4
 Leda's Liquefaction      Alch/Erth      0%         N/A       100%        4
 Alistair's Intoxication  Alch           0%         N/A       100%        5
 Borgnjor's Vile Clutch   Necr/Erth      0%         N/A       100%        5
 Lee's Rapid Deconstruct  Erth           0%         3d4*      100%        5
 Bombard                  Conj/Erth      0%         9d1       100%        6
 Eringya's Noxious Bog    Alch           0%         4d6       100%        6
 Orb of Destruction       Conj           0%         9d5       100%        7
 Summon Ice Beast         Ice/Summ       Unusable   N/A       N/A         3
 Tukima's Dance           Hex            Unusable   N/A       N/A         3
 Summon Blazeheart Golem  Fire/Summ      Unusable   N/A       N/A         4
 Sculpt Simulacrum        Ice/Alch       Unusable   N/A       N/A         6
 Spellforged Servitor     Conj/Summ      Unusable   N/A       N/A         7

Dungeon Overview and Level Annotations

Branches:
Dungeon (15/15)            Temple (1/1) D:4            Lair (5/5) D:8
 Shoals (4/4) Lair:3        Snake (4/4) Lair:2        Slime (0/5) Lair:5
 Depths (4/4) D:15            Zot (5/5) Depths:4      Sewer (visited)
Gauntlet (visited)
    Orc: D:9-12      Vaults: D:13-14

Altars:
Ashenzari
Cheibriados
Dithmenos
Fedhas
Gozag
Hepliaklqana
Kikubaaqudgha
Makhleb
Okawaru
Qazlal
Ru
Trog
Vehumet
Wu Jian
Xom
Zin
The Shining One

Shops:
D:12 =   Shoals:4 ?   Snake:1 [   Snake:2 :=:   Depths:4 *

Portals:
Hell: Depths:2
Ziggurat: Depths:2

Annotations:
D:6 1 exclusion
Lair:4 exclusion: 2 oklob plants
Snake:2 3 runed translucent doors, Soawkar's ghost, adept GrFi
Depths:2 1 exclusion
Zot:5 3 exclusions


Innate Abilities, Weirdness & Mutations

You are too large for most types of armour.
You have claws for hands.
Your natural rate of healing is unusually fast.
You are covered in fur. (AC +1)
You have tough skin. (AC +1)


Message History

There is a stone staircase leading down here.
Your claws slow down.
You feel like a meek peon again.
Really walk into a travel-excluded area?
There is a stone staircase leading up here.
Press: ? - help, v - describe, . - travel A stone staircase leading up.
This square is covered in magical glow.
You feel a little less mighty now.
You climb upwards.
There is a stone staircase leading down here.
Search for what [Enter for "shie", or ? for help]? shield Unknown command.
You start putting on your armour.
You continue putting on the +10 tower shield of Ignorance {rN+ Int-4}. x4
You finish putting on the +10 tower shield of Ignorance {rN+ Int-4}.
You feel stupid.
Unknown command.
There is a stone staircase leading up here.
You climb upwards.
There is a stone staircase leading down here.
A soul eater comes into view.
An Orb Guardian comes into view.
There is a stone staircase leading up here.
You gain the combat prowess of a mighty hero.
You climb upwards.
There is a stone staircase leading down here.
Okay, then.
Found 6 stones.
An endoplasm comes into view.
The endoplasm quivers.
You see here 6 stones.
The endoplasm freezes you.
You are frozen.
You resist.
Found 13 gold pieces.
You block the endoplasm's attack.
The endoplasm jiggles.
The endoplasm attacks as it pursues you!
You block the endoplasm's attack.
The endoplasm attacks as it pursues you!
You block the endoplasm's attack.
The endoplasm attacks as it pursues you!
You block the endoplasm's attack.
The endoplasm attacks as it pursues you!
You block the endoplasm's attack.
Found a glaive.
The endoplasm attacks as it pursues you!
The endoplasm misses you.
Found a scroll of blinking. 2 hell hogs come into view.
Okay, then.
Okay, then.
A hell hog comes into view.
The hell hog squeals angrily. x3
Okay, then.
You barely miss the hell hog.
You feel like a meek peon again. You block the endoplasm's attack.
The hell hog breathes fire at you.
The fireball explodes!
The fireball engulfs you but does no damage.
The fireball engulfs the endoplasm!!!
The endoplasm dies!
The fireball engulfs the hell hog.
The hell hog completely resists.
A hell hog comes into view.
You hear an angry hiss.
You eviscerate the hell hog!!!
The hell hog is heavily wounded.
You block the hell hog's attack.
You barely miss the hell hog.
The hell hog is heavily wounded.
The hell hog breathes fire at you.
The fireball explodes!
The fireball engulfs you! You resist.
The fireball engulfs the hell hog.
The hell hog completely resists.
The hell hog breathes fire at you.
The fireball explodes!
The fireball engulfs the hell hog.
The hell hog completely resists.
The fireball engulfs you! You resist.
Found a mace.
The hell hog attacks as it pursues you! You block the hell hog's attack.
The hell hog attacks as it pursues you! You block the hell hog's attack.
The hell hog breathes fire at you.
The fireball explodes!
The fireball engulfs the hell hog.
The hell hog completely resists.
The fireball engulfs you. You resist. You block the hell hog's attack.
You hear an angry hiss.
You block the hell hog's attack.
You see here a scroll of blinking.
z - a scroll of blinking You gain the combat prowess of a mighty hero.
The hell hog breathes fire at you.
The fireball explodes!
The fireball engulfs the hell hog.
The hell hog completely resists.
The fireball engulfs the hell hog.
The hell hog completely resists.
The fireball engulfs you. You resist.
You eviscerate the hell hog!!!
The hell hog is severely wounded.
You block the hell hog's attack.
You mangle the hell hog!!
You kill the hell hog!
Okawaru accepts your kill.
You barely miss the hell hog.
The hell hog is heavily wounded.
The hell hog breathes fire at you.
The fireball explodes!
The fireball engulfs the hell hog.
The hell hog completely resists.
The fireball engulfs you. You resist. You block the hell hog's attack.
You hear an angry hiss.
You hear a shout!
You eviscerate the hell hog!!!
You kill the hell hog!
Okawaru accepts your kill.
You eviscerate the hell hog!!!
The hell hog is severely wounded.
You block the hell hog's attack.
You scratch the hell hog.
The hell hog is almost dead.
The hell hog breathes fire at you.
The fireball explodes!
The fireball engulfs you. You resist.
The fireball engulfs the hell hog.
The hell hog completely resists.
You hear a shout! x3
You mangle the hell hog!!
You kill the hell hog!
Okawaru accepts your kill. You block the hell hog's attack. x2
You see here a hell hog corpse.
You closely miss the hell hog. You claw the hell hog!
The hell hog is lightly wounded.
You block the hell hog's attack.
A ball python comes into view.
You eviscerate the hell hog!!!!
You kill the hell hog!
Okawaru accepts your kill.
You see here a hell hog corpse.
You block the ball python's attack.
You mangle the ball python!!
You kill the ball python!
A shadow demon comes into view.
The shadow demon gestures.
There is a stone staircase leading up here.
Okay, then.
You climb upwards.
There is a stone staircase leading down here.
There is a stone staircase leading up here.
You climb upwards.
There is a stone staircase leading down here.
You feel very mighty all of a sudden.
There is an open door here.
You feel like a meek peon again.
There is an open door here.
You see here 10 gold pieces.
There is a staircase leading out of the dungeon here.
You have escaped!

.......+......+.....##
..$....#...[..#(.....#
..................#..#
..........#.......# .#
........#.####..### #
........#.#.#.#.#.#
....$..##.##.#.#.#
#####.. ..#.#.#.#.#
### .##.#@#.#.#
..#.#.#.## ###.# #.#.#
#.# #.## ## #.# ##


There were no monsters in sight!

Vanquished Creatures
  4 ancient liches
  2 orbs of fire (Zot:5)
  A juggernaut (Abyss:3)
  2 Killer Klowns (Zot:5)
  A curse toe (Zot:5)
  4 golden dragons
  A profane servitor (Abyss:3)
  A bone dragon (Abyss:3)
  A Tzitzimitl (Zot:3)
  An electric golem (Zot:5)
  4 tentacled monstrosities
  An Ice Fiend (D:12)
  A quicksilver dragon (Zot:4)
  A lich (Depths:4)
  21 Orb Guardians (Zot:5)
  A Hell Sentinel (Zot:3)
  2 tentacled starspawn (Abyss:3)
  3 Executioners
  7 death cobs
  5 storm dragons
  A protean progenitor (Zot:3)
  A shadow dragon (Depths:4)
  3 draconian knights
  9 nagarajas (Snake:4)
  3 frost giants
  2 draconian monks (Depths:4)
  A balrug (D:7)
  2 angels
  3 draconian shifters
  A draconian scorcher (Zot:3)
  A ghost moth (Zot:4)
  4 draconian annihilators
  2 draconian stormcallers
  3 stone giants
  3 very ugly things (Depths:2)
  A vampire knight (Depths:2)
  2 ophanim (Abyss:3)
  4 black draconians
  A lorocyproca (Abyss:3)
  8 green draconians
  6 purple draconians
  A minotaur (Gauntlet)
  5 red draconians
  9 white draconians
  3 yellow draconians
  A blizzard demon (Zot:3)
  2 ettins
  Josephine (D:10)
  2 jiangshi (Depths:3)
  5 merfolk impalers (Shoals:4)
  A fire dragon (Depths:4)
  4 merfolk javelineers (Shoals:4)
  2 ice dragons
  7 hydras
  An alligator snapping turtle (Shoals:3)
  2 salamander tyrants (Snake:4)
  An alligator (Zot:3)
  A centaur warrior (D:14)
  3 catoblepae (Lair:5)
  A merfolk avatar (Shoals:2)
  A hell beast (Zot:3)
  3 boulder beetles
  2 merfolk aquamancers
  3 dancing weapons (Abyss:3)
  4 anacondas
  A death knight (D:15)
  2 deep troll earth magi (Depths:4)
  7 deep troll shamans
  9 naga warriors
  A satyr (Shoals:3)
  4 hell hogs (D:3)
  2 tengu warriors
  2 two-headed ogres
  16 death yaks
  8 naga sharpshooters
  2 shock serpents (Snake:4)
  A spriggan berserker (Depths:4)
  A thrashing horror (Abyss:3)
  2 sun demons (D:7)
  2 hell knights (Abyss:3)
  A spriggan (Depths:3)
  A soul eater (Gauntlet)
  8 iron trolls
  3 salamander mystics
  2 skysharks
  A wretched star (Abyss:3)
  A skeletal warrior (D:15)
  14 sea snakes
  2 cherubim (Abyss:3)
  A death drake (Depths:4)
  8 mana vipers
  14 deep trolls
  An arcanist (Gauntlet)
  5 naga ritualists
  The ghost of Killmatronix the Cleaver, a novice DEBe of Trog (D:6)
  2 phantasmal warriors (D:15)
  2 necromancers
  4 deep elf zephyrmancers (D:11)
  6 harpies
  5 deep elf pyromancers
  An ugly thing (Depths:2)
  4 cyclopes
  10 manticores
  11 salamanders
  2 fauns (Shoals:1)
  21 black mambas
  13 moths of wrath
  8 merfolk sirens
  3 water nymphs
  2 guardian serpents (Snake:1)
  3 meliai (Lair:5)
  10 naga magi
  A rust devil (Zot:3)
  A gargoyle (D:10)
  Joseph (D:8)
  11 cane toads
  Maggie (D:10)
  5 large abominations
  A rime drake (Lair:3)
  A yaktaur (D:15)
  An unseen horror (Abyss:3)
  7 komodo dragons
  An efreet (D:15)
  A hellion (Zot:2)
  2 tengu conjurers (D:15)
  A queen bee (Lair:5)
  A hellwing (D:12)
  An ancient zyme (Abyss:3)
  A hornet (Depths:3)
  A polar bear (Lair:3)
  2 raiju (Abyss:3)
  16 merfolk
  10 snapping turtles
  6 blink frogs
  14 dream sheep
  4 slime creatures
  3 wyverns
  60 yaks
  7 wraiths
  A ynoxinul (Abyss:3)
  11 water elementals
  Grum (D:10)
  2 vampires (D:12)
  8 starcursed masses (Abyss:3)
  A steam dragon (D:6)
  2 vampire mosquitoes (D:11)
  2 basilisks
  2 neqoxecs
  44 nagas
  A swamp worm (shapeshifter) (Depths:3)
  A small abomination (Abyss:3)
  6 water moccasins
  An orc warrior (D:10)
  An ice beast (D:6)
  A sky beast (D:6)
  6 laughing skulls
  A black bear (D:6)
  10 wolves
  An ogre (D:5)
  A crocodile (Sewer)
  3 centaurs
  2 kobold brigands
  5 bullfrogs
  2 scorpions (D:5)
  10 wights
  24 killer bees
  2 electric eels (D:14)
  A howler monkey (D:11)
  2 bombardier beetles
  3 hounds
  A jelly (D:7)
  An iguana (D:5)
  3 gnoll boudas
  7 orc wizards
  6 hell rats
  12 gnolls
  3 adders
  2 shadow imps (Gauntlet)
  A white imp (Gauntlet)
  A ribbon worm (D:4)
  A dart slug (D:1)
  16 orcs
  2 ball pythons
  4 giant cockroaches (D:5)
  4 hobgoblins
  4 jackals (Sewer)
  5 quokkas
  A bat (D:2)
  13 kobolds
  A rat (D:8)
  An aspiring flesh (Zot:3)
  2 starspawn tentacles (Abyss:3)
830 creatures vanquished.

Vanquished Creatures (others)
  A storm dragon (Zot:4)
  Ilsuiw (Shoals:4)
  A merfolk javelineer (Shoals:4)
  A naga (Snake:4)
  An endoplasm (D:3)
  4 starspawn tentacles (Abyss:3)
9 creatures vanquished.

Grand Total: 839 creatures vanquished

Notes
Turn   | Place    | Note
-------+----------+-------------------------------------------
     0 | D:1      | sentinel the Troll Fighter began the quest for the Orb.
     0 | D:1      | Reached XP level 1. HP: 22/22 MP: 0/0
    81 | D:1      | Reached XP level 2. HP: 29/29 MP: 1/1
   155 | D:4      | Reached skill level 3 in Unarmed Combat
   155 | D:4      | Reached XP level 3. HP: 31/36 MP: 2/2
   207 | D:5      | Entered Level 5 of the Dungeon
   296 | D:4      | Reached skill level 4 in Unarmed Combat
   296 | D:4      | Reached XP level 4. HP: 37/44 MP: 3/3
   369 | D:5      | Reached skill level 5 in Unarmed Combat
   395 | D:6      | Noticed a black bear
   428 | D:6      | Found a stormy altar of Qazlal.
   428 | D:6      | Noticed a sky beast
   428 | D:6      | Noticed an ice beast
   484 | D:6      | Noticed a steam dragon
   493 | D:6      | Killed a steam dragon
   494 | D:6      | Reached skill level 6 in Unarmed Combat
   494 | D:6      | Reached XP level 5. HP: 39/50 MP: 4/4
   496 | D:6      | Killed an ice beast
   497 | D:6      | Reached XP level 6. HP: 27/59 MP: 5/5
   506 | D:6      | Killed a sky beast
   507 | D:6      | Reached skill level 7 in Unarmed Combat
   566 | D:5      | Identified a scroll of acquirement
   597 | D:5      | Reached skill level 14 in Unarmed Combat
   597 | D:5      | Reached XP level 7. HP: 66/66 MP: 6/6
   661 | D:5      | Reached XP level 8. HP: 74/74 MP: 7/7
   714 | D:4      | Found a staircase to the Ecumenical Temple.
   723 | Temple   | Entered the Ecumenical Temple
   746 | Temple   | Became a worshipper of Warmaster Okawaru
   805 | D:5      | Found a glowing drain.
   815 | Sewer    | Entered a sewer
   935 | D:5      | Reached skill level 1 in Invocations
   995 | D:6      | Found a transporter.
   997 | D:6      | Found a transporter.
   998 | D:6      | Noticed Killmatronix's ghost (novice DEBe)
  1017 | D:6      | Killed Killmatronix's ghost
  1017 | D:6      | Reached * piety under Okawaru
  1089 | D:7      | Reached XP level 9. HP: 79/80 MP: 9/11
  1154 | D:8      | Reached ** piety under Okawaru
  1213 | D:8      | Noticed a death yak
  1224 | D:8      | Reached skill level 5 in Invocations
  1226 | D:8      | Noticed a death yak
  1232 | D:8      | Noticed a death yak
  1238 | D:8      | Killed a death yak
  1257 | D:9      | Killed a death yak
  1257 | D:9      | Reached *** piety under Okawaru
  1308 | D:10     | Entered Level 10 of the Dungeon
  1319 | D:10     | Noticed Maggie
  1328 | D:10     | Killed Maggie
  1329 | D:10     | Reached XP level 10. HP: 94/94 MP: 9/12
  1376 | D:10     | Reached skill level 5 in Shields
  1390 | D:10     | Reached **** piety under Okawaru
  1428 | D:10     | Reached skill level 5 in Fighting
  1441 | D:10     | Noticed Josephine
  1484 | D:10     | Killed Josephine
  1501 | D:10     | Noticed Grum
  1508 | D:10     | Noticed a two-headed ogre
  1519 | D:10     | Killed a two-headed ogre
  1519 | D:10     | Reached ***** piety under Okawaru
  1524 | D:10     | Killed Grum
  1530 | D:10     | Noticed a gargoyle
  1537 | D:10     | Killed a gargoyle
  1544 | D:10     | Reached XP level 11. HP: 87/105 MP: 13/13
  1654 | D:9      | Noticed a two-headed ogre
  1659 | D:9      | Killed a two-headed ogre
  1713 | D:8      | Killed a death yak
  1713 | D:8      | Received a gift from Okawaru
  1752 | D:8      | Noticed Joseph
  1770 | D:8      | Killed Joseph
  1796 | D:8      | Found a staircase to the Lair.
  1835 | Lair:1   | Entered Level 1 of the Lair of Beasts
  1868 | Lair:2   | Noticed a five-headed hydra
  1912 | Lair:1   | Reached skill level 1 in Throwing
  2004 | Lair:2   | You fall into a shaft and drop 1 floor!
  2022 | Lair:4   | Received a gift from Okawaru
  2144 | Lair:3   | Reached skill level 5 in Throwing
  2164 | Lair:2   | Noticed a skyshark
  2171 | Lair:2   | Killed a skyshark
  2243 | Lair:2   | Noticed a seven-headed hydra
  2249 | Lair:2   | Killed a seven-headed hydra
  2250 | Lair:2   | Reached XP level 12. HP: 118/118 MP: 12/15
  2284 | Lair:2   | Killed an 11-headed hydra
  2287 | Lair:2   | Received a gift from Okawaru
  2441 | Lair:3   | Reached skill level 1 in Armour
  2754 | Lair:4   | Noticed a seven-headed hydra
  2763 | Lair:4   | Killed a seven-headed hydra
  2806 | Lair:4   | Identified the +0 dagger "Luceequ" {holy, rElec Will+
                  | Str+3}
  2831 | Lair:5   | Entered Level 5 of the Lair of Beasts
  2832 | Lair:5   | Noticed a seven-headed hydra
  2836 | Lair:5   | Received a gift from Okawaru
  2842 | Lair:5   | Killed a seven-headed hydra
  2956 | Lair:4   | Found a blossoming altar of Fedhas.
  3148 | Lair:5   | Noticed an eight-headed hydra
  3160 | Lair:5   | Killed an eight-headed hydra
  3161 | Lair:5   | Reached XP level 13. HP: 115/124 MP: 15/18
  3239 | Lair:5   | Found a staircase to the Slime Pits.
  3272 | Lair:5   | Reached skill level 5 in Armour
  3546 | Lair:5   | Received a gift from Okawaru
  3743 | Lair:5   | Reached skill level 1 in Evocations
  3750 | Lair:5   | Received a gift from Okawaru
  3846 | Lair:5   | Got an earthy gem with 1841 turns to spare
  4001 | Lair:5   | Received a gift from Okawaru
  4019 | Lair:5   | Reached skill level 5 in Evocations
  4025 | Lair:5   | Reached ****** piety under Okawaru
  4026 | Lair:5   | Acquired the +10 tower shield of Ignorance {rN+ Int-4}
  4026 | Lair:5   | Received a gift from Okawaru
  4026 | Lair:5   | Found the +10 tower shield of Ignorance {rN+ Int-4}
  4213 | Lair:2   | Found a staircase to the Snake Pit.
  4238 | Snake:1  | Entered Level 1 of the Snake Pit
  4242 | Snake:1  | Reached XP level 14. HP: 128/133 MP: 16/19
  4260 | Snake:1  | Reached skill level 15 in Unarmed Combat
  4264 | Snake:1  | Received a gift from Okawaru
  4458 | Snake:1  | Acquired 844 gold pieces
  4466 | Snake:1  | Found Xarud's Antique Armour Emporium.
  4580 | Snake:2  | Reached skill level 16 in Unarmed Combat
  4605 | Snake:2  | Received a gift from Okawaru
  4702 | Snake:2  | Found Cacw's Book Shop.
  4703 | Snake:2  | Found Piponi's Jewellery Emporium.
  4704 | Snake:2  | Found Mumuge's Book Shop.
  4711 | Snake:2  | Bought a ring of protection from fire for 475 gold pieces
  4834 | Snake:2  | Found a shimmering altar of Xom.
  4996 | Snake:3  | Received a gift from Okawaru
  5076 | Snake:3  | Reached skill level 10 in Shields
  5223 | Snake:3  | Identified the +6 flail "Hedel" {vamp, ^Drain rC+ rN+}
  5443 | Snake:4  | Entered Level 4 of the Snake Pit
  5443 | Snake:4  | Noticed a nagaraja
  5482 | Snake:4  | Reached XP level 15. HP: 120/140 MP: 16/20
  5486 | Snake:4  | Killed a nagaraja
  5504 | Snake:4  | Received a gift from Okawaru
  5601 | Snake:2  | Found a runed translucent gate.
  5601 | Snake:2  | Found a runed translucent gate.
  5601 | Snake:2  | Found a runed translucent gate.
  5604 | Snake:2  | Noticed Soawkar's ghost (adept GrFi)
  5662 | Snake:4  | Noticed a nagaraja
  5672 | Snake:4  | Killed a nagaraja
  5682 | Snake:4  | Noticed a nagaraja
  5694 | Snake:4  | Killed a nagaraja
  5794 | Snake:4  | Noticed a nagaraja
  5797 | Snake:4  | Reached skill level 10 in Throwing
  5809 | Snake:4  | Killed a nagaraja
  5856 | Snake:4  | Noticed a nagaraja
  5873 | Snake:4  | Killed a nagaraja
  5873 | Snake:4  | Noticed a nagaraja
  5900 | Snake:4  | Killed a nagaraja
  5906 | Snake:4  | Noticed a nagaraja
  5926 | Snake:4  | Killed a nagaraja
  5947 | Snake:4  | Noticed a nagaraja
  5974 | Snake:4  | Killed a nagaraja
  6063 | Snake:4  | Noticed a nagaraja
  6072 | Snake:4  | Killed a nagaraja
  6078 | Snake:4  | Got a jade gem with 784 turns to spare
  6080 | Snake:4  | Got a serpentine rune of Zot
  6278 | Snake:2  | Bought an amulet of regeneration for 570 gold pieces
  6389 | Lair:3   | Found a staircase to the Shoals.
  6411 | Shoals:1 | Entered Level 1 of the Shoals
  6485 | Shoals:1 | Reached skill level 17 in Unarmed Combat
  6516 | Shoals:2 | Received a gift from Okawaru
  6700 | Shoals:2 | Reached XP level 16. HP: 88/149 MP: 21/21
  6852 | Shoals:3 | Reached skill level 18 in Unarmed Combat
  6868 | Shoals:3 | Received a gift from Okawaru
  7128 | Shoals:4 | Entered Level 4 of the Shoals
  7141 | Shoals:4 | Noticed Ilsuiw
  7169 | Shoals:4 | Killed Ilsuiw
  7262 | Shoals:4 | Reached skill level 19 in Unarmed Combat
  7344 | Shoals:4 | Received a gift from Okawaru
  7420 | Shoals:4 | Identified the staff of Traps {rC+ Int+3 Ice}
  7496 | Shoals:4 | Got an azure gem with 817 turns to spare
  7498 | Shoals:4 | Got a barnacled rune of Zot
  7515 | Shoals:4 | Found Cumuer's Magic Scroll Shoppe.
  7890 | D:12     | Found Tekays's Jewellery Emporium.
  7955 | D:11     | Reached skill level 20 in Unarmed Combat
  8124 | D:15     | Entered Level 15 of the Dungeon
  8147 | D:15     | Found a staircase to the Depths.
  8158 | D:15     | Received a gift from Okawaru
  8224 | D:15     | Found a gate leading to a gauntlet.
  8231 | Gauntlet | Entered a Gauntlet
  8231 | Gauntlet | Found a transporter.
  8231 | Gauntlet | Found a transporter.
  8231 | Gauntlet | Found a transporter.
  8234 | Gauntlet | Found a transporter.
  8235 | Gauntlet | Found a transporter.
  8235 | Gauntlet | Found the +7 mace of Variability {chaos, chaos arc}
  8237 | Gauntlet | Found a large runed translucent door.
  8238 | Gauntlet | Found a large runed translucent door.
  8239 | Gauntlet | Found a large runed translucent door.
  8239 | Gauntlet | Found a large runed translucent door.
  8239 | Gauntlet | Found a runed translucent door.
  8239 | Gauntlet | Found a runed translucent door.
  8240 | Gauntlet | Found a large runed translucent door.
  8240 | Gauntlet | Found a large runed translucent door.
  8240 | Gauntlet | Found a large runed translucent door.
  8240 | Gauntlet | Found a large runed translucent door.
  8241 | Gauntlet | Found a large runed translucent door.
  8242 | Gauntlet | Found a large runed translucent door.
  8242 | Gauntlet | Found a large runed translucent door.
  8242 | Gauntlet | Found a large runed translucent door.
  8243 | Gauntlet | Found a large runed translucent door.
  8243 | Gauntlet | Found a large runed translucent door.
  8243 | Gauntlet | Found a large runed translucent door.
  8245 | Gauntlet | Found a runed translucent gate.
  8245 | Gauntlet | Found a runed translucent gate.
  8245 | Gauntlet | Found a runed translucent gate.
  8246 | Gauntlet | Found a transporter.
  8247 | Gauntlet | Found a transporter.
  8251 | Gauntlet | Found a transporter.
  8251 | Gauntlet | Found a transporter.
  8251 | Gauntlet | Found a transporter.
  8258 | Gauntlet | Found a large runed translucent door.
  8273 | Gauntlet | Found a transporter.
  8276 | Gauntlet | Found a transporter.
  8330 | Gauntlet | Reached XP level 17. HP: 158/158 MP: 20/22
  8355 | Gauntlet | Identified the +1 hat of Molakum {rF++ rC+ Str+3 Slay+3}
  8484 | D:15     | Got a smoky gem with 6810 turns to spare
  8495 | D:15     | Identified the +1 trident of the Nine Geomancers
                  | {antimagic, *Slow rElec rN+ Int+7}
  8517 | Depths:1 | Entered Level 1 of the Depths
  8545 | Depths:1 | Reached skill level 21 in Unarmed Combat
  8559 | Depths:2 | Found a one-way gateway to a ziggurat.
  8559 | Depths:2 | Noticed an ancient lich
  8594 | Depths:2 | Reached XP level 18. HP: 116/167 MP: 22/24
  8645 | Depths:2 | Found a bloodstained altar of Trog.
  8702 | Depths:3 | Received a gift from Okawaru
  8730 | Depths:4 | Entered Level 4 of the Depths
  8788 | Depths:4 | Reached skill level 10 in Invocations
  8809 | Depths:4 | Found Xuxtosh's Fire Supplies.
  8956 | Depths:4 | Reached skill level 10 in Fighting
  8977 | Depths:4 | Noticed an ancient lich
  8990 | Depths:4 | Killed an ancient lich
  9008 | Depths:4 | Noticed a lich
  9018 | Depths:4 | Killed a lich
  9018 | Depths:4 | Noticed a golden dragon
  9022 | Depths:4 | Killed a golden dragon
  9023 | Depths:4 | Noticed a golden dragon
  9037 | Depths:4 | Killed a golden dragon
  9306 | Depths:4 | Found a gate to the Realm of Zot.
  9333 | Abyss:3  | Cast into level 3 of the Abyss (unwielding a weapon of
                  | distortion)
  9353 | Abyss:3  | Found a corrupted altar of Lugonu.
  9415 | Abyss:3  | Noticed a bone dragon
  9430 | Abyss:3  | Killed a bone dragon
  9436 | Abyss:3  | Paralysed by accursed screaming for 1 turns
  9437 | Abyss:3  | Noticed a profane servitor
  9450 | Abyss:3  | Killed a profane servitor
  9450 | Abyss:3  | Received a gift from Okawaru
  9454 | Abyss:3  | Noticed a bone dragon
  9557 | Abyss:3  | Found a corrupted altar of Lugonu.
  9570 | Abyss:3  | Found a corrupted altar of Lugonu.
  9583 | Abyss:3  | Reached XP level 19. HP: 177/186 MP: 22/25
  9595 | Abyss:3  | Found a glowing golden altar of the Shining One.
  9616 | Abyss:3  | Noticed a juggernaut
  9624 | Abyss:3  | Killed a juggernaut
  9625 | Abyss:3  | Found a glowing golden altar of the Shining One.
  9631 | Abyss:3  | Got an abyssal rune of Zot
  9642 | Depths:4 | Escaped the Abyss
  9654 | Zot:1    | Entered Level 1 of the Realm of Zot
  9980 | Zot:4    | Upgraded the game from 0.31.0-9-g3a7656b989 to
                  | 0.31.0-10-gcf4a605ca0
 10132 | Zot:4    | Received a gift from Okawaru
 10169 | Zot:5    | Entered Level 5 of the Realm of Zot
 10184 | Zot:5    | Noticed a curse toe
 10190 | Zot:5    | Noticed a Killer Klown
 10205 | Zot:5    | Killed a curse toe
 10225 | Zot:5    | Killed a Killer Klown
 10296 | Zot:5    | Got a prismatic gem with 437 turns to spare
 10310 | Zot:5    | Noticed an ancient lich
 10317 | Zot:5    | Killed an ancient lich
 10340 | Zot:5    | Noticed a Killer Klown
 10344 | Zot:5    | Noticed an ancient lich
 10347 | Zot:5    | Killed an ancient lich
 10357 | Zot:5    | Killed a Killer Klown
 10367 | Zot:5    | Noticed an orb of fire
 10369 | Zot:5    | Noticed an ancient lich
 10387 | Zot:5    | Killed an orb of fire
 10388 | Zot:5    | Reached XP level 20. HP: 154/202 MP: 23/27
 10391 | Zot:5    | Killed an ancient lich
 10412 | Zot:5    | Noticed a golden dragon
 10415 | Zot:5    | Noticed an orb of fire
 10424 | Zot:5    | Killed a golden dragon
 10424 | Zot:5    | Killed an orb of fire
 10424 | Zot:5    | Received a gift from Okawaru
 10695 | Zot:5    | Reached skill level 15 in Throwing
 10707 | Zot:5    | Got the Orb of Zot
 10796 | Zot:3    | Noticed a golden dragon
 10803 | Zot:3    | Killed a golden dragon
 11060 | Depths:4 | Noticed a profane servitor
 11102 | Depths:2 | Found a gateway to Hell.
 11104 | Depths:2 | Noticed Tistrut the pandemonium lord
 11178 | D:13     | Noticed Siossu Barph the pandemonium lord
 11343 | D:6      | Noticed a seraph
 11346 | D:6      | Noticed Xockurchi the pandemonium lord
 11599 | D:$      | Escaped with the Orb!

Illustrated notes

Levels and vault maps discovered:
D:1:      lightli_arrival_chessboard, layout_basic, serial_shops,
          nicolae_lakefront_shop
D:2:      layout_basic
D:3:      wander_river, layout_loops_ring, ebering_ecumenical_altar_rust,
          serial_co_window_serial, co_window_paths_a, co_window_paths_b,
          co_window_corner_a, co_window_paths_a, co_window_paths_b,
          co_window_unsneaky_path_e, co_window_of_opportunity_b,
          co_window_paths_c, co_window_2corner
D:4:      layout_loops_ring, minmay_temple_entry_statues_fountains,
          patterned_corridor
D:5:      layout_basic, portal_sewer_entry_f, uniq_ijyb
D:6:      layout_basic, nicolae_qazlal_beasts_of_the_sky, gammafunk_ghost_arena,
          nicolae_the_louvre
D:7:      layout_basic, kennysheep_mini, nemelex_xobeh_ov_fountains_minmay,
          amcnicky_altar_gilded, gammafunk_ghost_grave, nicolae_elemental_shop,
          minmay_gold_behind_fungi
D:8:      layout_cave_pools, mainiacjoe_overflow_alcove_4,
          nicolae_uskayaw_dance_hall, dpeg_lair_monsters,
          kennysheep_generic_room_8, uniq_joseph
D:9:      layout_roguey
D:10:     layout_cave_pools, kennysheep_mini_moat, hiddenorc1_lemuel, uniq_grum,
          uniq_maggie, uniq_josephine
D:11:     layout_big_octagon, serial_library,
          serial_library_hellmonk_open_square,
          serial_library_regret_index_headful,
          serial_library_regret_index_multi, serial_library_hellmonk_room_b,
          serial_library_hellmonk_metal_room,
          serial_library_hellmonk_open_square,
          serial_library_hellmonk_reading_circle,
          serial_library_hellmonk_room_b, serial_library_hellmonk_octagon,
          serial_library_hellmonk_big_corner, elves_outpost_lemuel
D:12:     layout_stronghold, hangedman_abyss_or_decor_stagger,
          nicolae_stop_n_shop_1, kennysheep_just_a_vault
D:13:     layout_layer_cave, nicolae_hepliaklqana_hippocampus
D:14:     layout_basic, erik_vaults_1, nicolae_benzene_ring
D:15:     hangedman_depths_entry_civil_slaughter, layout_layer_cave,
          gauntlet_entry_generic, fountainhead, uniq_azrael
Temple:   bh_familiar_temple
Lair:1:   layout_chaotic_city, lemuel_centaur_altar, uniq_gastronok,
          uniq_harold, uniq_fannar
Lair:2:   layout_chaotic_city, guppyfry_snake_entry_garden,
          chequers_serial_rivers_large_b
Lair:3:   layout_gridlike, minmay_shoals_entry_hut, amcnicky_mini_pool_medium,
          grunt_megastairs_4
Lair:4:   layout_regular_city, serial_bayou_pond_c, hangedman_tree_tricks,
          chequers_serial_rivers_large_a
Lair:5:   evilmike_catoblepas_cave, layout_cave_pods, slime_entry_1,
          special_room [special_room_bee], lookout_lair_type
Shoals:1: layout_shoals
Shoals:2: layout_shoals
Shoals:3: layout_shoals, gammafunk_ghost_tricky_traps, nicolae_shoals_loop_pool
Shoals:4: shoals_end_grunt_ice, layout_shoals, shoals_ilsuiw_alternative,
          serial_shops, nicolae_shop_behind_doors
Snake:1:  layout_onion, serial_shops, shop, serial_bayou_shore_b
Snake:2:  layout_chambers, basic_altar, ebering_ghost_rock_garden,
          portal_ice_cave_entry_frozen_things, nicolae_shop_clearance,
          minmay_shop_grove, grunt_megastairs_3
Snake:3:  layout_chambers, serial_bayou_shore_a, serial_bayou_shore_b,
          grunt_megastairs_1
Snake:4:  minmay_snake_end_coiled, layout_gridlike, ebering_ghost_inner_flame,
          nicolae_snake_omega
Depths:1: layout_long_grid, serial_sigils_hangedman_quiver,
          pf_hell_entry_great_geh, minmay_misc_feat_nine_boxes,
          lightli_gold_pyramid, infiniplex_staircase_pool_lava
Depths:2: grunt_deathspiral_large, layout_gridlike, enter_ziggurat_d,
          rand_demon_pan_entry_1, mu_enter_wizlab_6, bloody_trog, hell_entry,
          fedhas_altar_fruit_tree
Depths:3: box_level_dp, hell_entry, abyss_entry, uniq_boris, uniq_frederick,
          uniq_mara, uniq_enchantress
Depths:4: lemuel_castle_with_subvaults [lemuel_castle_interior_original],
          layout_cave_shapes, minmay_misc_feat_tiny, rand_demon_pan_entry_9,
          hell_entry, hangedman_decor_lopped, st_stairs_10,
          nicolae_shop_fire_sale [nicolae_sub_dead_trees], minivault_14,
          minmay_shoptagon
Zot:1:    gammafunk_mikee_crab_dinner, layout_misc_corridors,
          gammafunk_ghost_cemetery, regret_index_zotdec_barnacled_alternative,
          grunt_ministairs_11
Zot:2:    kennysheep_blocky_room, layout_onion_interference
Zot:3:    layout_concentric_octagons
Zot:4:    layout_misc_corridors
Zot:5:    layout_basic

Skill      XL: |  1  2  3  4  5  6  7  8  9 10 11 12 13 14 15 16 17 18 19 20 |
---------------+-------------------------------------------------------------+-----
Unarmed Combat | 3 4 6 14 16 17 20 21 | 21.0
Invocations    | 4 5 6 9 10 11 12 | 12.9
Fighting       | 4 6 7 8 12 13 | 13.6
Shields        | 4 6 8 11 12 | 12.0
Throwing       | 5 9 11 12 14 15 | 15.3
Armour         | 4 5 6 8 |  8.0
Dodging        | 4 |  4.0
Evocations     | 5 |  5.0

Action                     |  1- 3 |  4- 6 |  7- 9 | 10-12 | 13-15 | 16-18 | 19-21 || total
---------------------------+-------+-------+-------+-------+-------+-------+-------++-------
  Melee: Unarmed           |    38 |    40 |   144 |   473 |   845 |   648 |   383 ||  2571
  Throw: Javelin           |       |       |     2 |    26 |    47 |    38 |    33 ||   146
         Boomerang         |       |       |       |    10 |    19 |   144 |    24 ||   197
         Dart              |       |       |       |     2 |    11 |     3 |     5 ||    21
         Large rock        |       |       |       |       |     1 |    27 |    68 ||    96
         Throwing net      |       |       |       |       |       |       |     1 ||     1
 Invoke: Heroism           |       |       |     3 |    15 |    23 |    26 |    24 ||    91
         Receive Armour    |       |       |       |       |     1 |       |       ||     1
         Finesse           |       |       |       |       |     6 |     5 |    11 ||    22
  Evoke: Wand              |       |       |       |     1 |     3 |    15 |    13 ||    32
         Condenser vane    |       |       |       |       |       |     1 |     1 ||     2
    Use: Scroll            |       |     5 |     5 |     3 |    11 |    12 |    10 ||    46
         Potion            |       |     2 |       |     1 |    11 |     3 |    17 ||    34
   Stab: Sleeping          |     1 |       |       |       |       |       |       ||     1
         Invisible         |       |       |       |       |       |     3 |       ||     3
 Armour: Robe              |    18 |    14 |       |       |       |       |       ||    32
         Steam dragon scal |       |     4 |    63 |     5 |       |       |       ||    72
         Acid dragon scale |       |       |       |   285 |   258 |    95 |       ||   638
         Shadow dragon sca |       |       |       |       |       |    73 |       ||    73
         Gold dragon scale |       |       |       |       |       |    39 |    52 ||    91
         Ice dragon scales |       |       |       |       |       |    15 |       ||    15
         Storm dragon scal |       |       |       |       |       |       |   103 ||   103
  Dodge: Dodged            |    12 |    17 |    63 |   322 |   161 |   122 |    56 ||   753
  Block: Kite shield       |    12 |    11 |    58 |   399 |   159 |       |       ||   639
         Tower shield      |       |       |       |       |   526 |   751 |   301 ||  1578
         Reflection        |       |       |       |       |    49 |       |       ||    49
